 Dungeon Sprint DCSS version 0.27-a0-909-g0721f309d1 (webtiles) character file.

Game seed: 8378560798041256800

5300000 sentinel the Ninja (level 17, 19/104 HPs)
             Began as a Felid Warper on Apr 8, 2021.
             Was an Elder of Makhleb.
             Quit the game in the Dungeon (Sprint VIII: "Arena of Blood").
             The game lasted 00:03:55 (53 turns).

sentinel the Ninja (Felid Warper)                     Turns: 53, Time: 00:03:56

Health: 19/104     AC:  3    Str:  7    XL:     17   Next: 15%
Magic:  49/49      EV: 46    Int: 14    God:    Makhleb [****..]
Gold:   0          SH:  0    Dex: 23    Spells: 70/70 levels left
                                        Lives:  0   Deaths: 5

rFire    . . .     SeeInvis +     - Unarmed
rCold    + . .     Faith    .   (shield unavailable)
rNeg     . . .     Spirit   .   (armour unavailable)
rPois    .         Reflect  .   (helmet unavailable)
rElec    .         Harm     .   (cloak unavailable)
rCorr    .         Rampage  .   (gloves unavailable)
Will     ++...     NoTele   +   (boots unavailable)
Stlth    ++++++++++             (no amulet)
HPRegen  0.27/turn              j - +27000 ring of slaying
MPRegen  0.31/turn              (no ring)

@: quick
A: very small, claws 1, fangs 3, see invisible, speed 1, shaggy fur 3, stealthy
paws, no weapons or thrown items, no armour, multi-lived
a: Renounce Religion, Minor Destruction, Lesser Servant of Makhleb, Major
Destruction


You were in the Dungeon.
You worshipped Makhleb.
Makhleb was greatly pleased with you.
You visited 1 branch

Inventory:

Jewellery
 j - a +27000 ring of slaying (left paw)
Scrolls
 z - 2 scrolls of blinking
Potions
 f - 2 potions of magic
 g - a potion of berserk rage
 q - a potion of curing
 w - a potion of heal wounds


   Skills:
 O Level 27 Fighting
 O Level 27 Dodging
 O Level 27 Stealth
 O Level 27 Unarmed Combat
 O Level 27 Spellcasting
 + Level 2.1 Conjurations
 + Level 3.6 Hexes
 + Level 2.4 Summonings
 + Level 2.4 Necromancy
 O Level 27 Translocations
 + Level 2.6 Transmutations
 + Level 2.1 Fire Magic
 + Level 2.1 Ice Magic
 + Level 2.1 Air Magic
 + Level 2.2 Earth Magic
 + Level 2.2 Poison Magic
 O Level 27 Invocations
 + Level 2.6 Evocations


You had 70 spell levels left.
You didn't know any spells.
Your spell library contained the following spells:

 Spells                   Type           Power      Damage    Failure   Level
 Blink                    Tloc           N/A        N/A       0%          2
 Gell's Gravitas          Tloc           38%        N/A       0%          3
 Lesser Beckoning         Tloc           38%        N/A       0%          3
 Teleport Other           Tloc           76%        N/A       0%          3
 Manifold Assault         Tloc           76%        N/A       0%          5


Dungeon Overview and Level Annotations

Branches:
Dungeon (1/1)

Altars:
Makhleb

Annotations:
D The Servant


Innate Abilities, Weirdness & Mutations

You have sharp claws.
You have razor-sharp teeth.
You have supernaturally acute eyesight. (SInv)
You cover ground quickly. (Speed+)
Your thick and shaggy fur keeps you warm. (AC +3, rC+)
Your stealthy paws help you sneak and pounce on unaware monsters.
You are incapable of wielding weapons or throwing items.
You cannot wear armour.
You gain extra lives every three experience levels.


Message History

Your Spellcasting skill gained 5 levels and is now at level 24!
Welcome back to level 16!
Memorise Manifold Assault, consuming 5 spell levels and leaving 59?
The sculptor of flesh appears out of thin air!
You hear a shout! x7; You hear a roar!
You start memorising the spell.
You continue memorising.
The destroyer appears out of thin air!
You hear a shout! x7
You continue memorising.
You hear a shout! x4
The destroyer hits you with a +9 vorpal great sword!!
Your memorisation is interrupted.
The destroyer completely misses you.
You hear a shout!
A meat berserker comes into view. It is wielding a +9 battleaxe.
You hear a shout! x2
A bag of meat comes into view. It is wielding a +9 war axe.
You hear a shout! x4
The destroyer shouts! x2
You eviscerate the meat berserker!!!!!!!!
You kill the meat berserker!
Makhleb accepts your kill.
You can now summon a lesser servant of Makhleb.
You feel better.
You hear a shout!
The destroyer blinks!
The destroyer hits you with a +9 vorpal great sword!!!!!
Ouch! That really hurt!
You die...
The destroyer bites you but does no damage.
You hear a shout!
The bag of meat hits you with a +9 war axe.
You hear a shout! x2
The destroyer hits you with a +9 vorpal great sword!!!!!
The destroyer closely misses you.
You hear a shout!
The destroyer blinks!
You hear two shouts!
You are now level 15!
You rejoin the land of the living...
You have mastered Spellcasting!
You need to enable at least one skill for training.
Your Dodging skill gained 14 levels and is now at level 17!
Welcome back to level 16!
A hydra, 3 orcs, 2 ogres, 2 vampire knights and 2 skeletal warriors come into view.
A destroyer is wielding a +9 vorpal great sword.
A destroyer is wielding a +9 vorpal great sword.
The meat berserker shouts!
The destroyer shouts!
You eviscerate the meat berserker!!!!!!!!!!!
You kill the meat berserker!
Makhleb accepts your kill.
You hear a shout!
A bag of meat comes into view. It is wielding a +9 war axe.
You hear a shout!
The bag of meat moves out of view.
You have mastered Dodging!
You need to enable at least one skill for training.
Your Invocations skill gained 5 levels and is now at level 5!
You eviscerate the large bag of meat!!!!!!!!!!!
Makhleb accepts your kill.
The large bag of meat explodes!
The fiery explosion engulfs the bag of meat!!
The fiery explosion engulfs the sculptor of flesh!!
The fiery explosion engulfs you!!!
The fiery explosion engulfs the meat berserker!!!
The fiery explosion engulfs the sculptor of flesh!!
You are engulfed in blazing flames.
You hear a shout!
The meat berserker is engulfed in blazing flames.
You hear a shout!
The eight-headed meat hydra calls on the powers of darkness!
The eight-headed meat hydra convulses!
The meat berserker convulses!
The bag of meat convulses!
Your body is wracked with pain!
The bag of meat convulses! x2
You hear a shout!
The destroyer blinks!
The bag of meat completely misses you.
A large bag of meat comes into view. It is wielding a +9 giant spiked club.
Your Invocations skill gained 14 levels and is now at level 19!
You have reached level 17!
Extra life!
You eviscerate the meat berserker!!!!!!!!!!!
You kill the meat berserker!
Makhleb accepts your kill.
You can now hurl Makhleb's greater destruction.
You feel better.
You are engulfed in blazing flames.
You hear a shout! x3
The sculptor of flesh is engulfed in blazing flames.
The sculptor of flesh hits you with a +9 great sword!!!!
Ouch! That really hurt!
You die...
You hear a shout!
You are now level 16!
You rejoin the land of the living...
Your Invocations skill gained 3 levels and is now at level 22! 2 orcs, 2 ogres, a skeletal warrior and a lich come into view.
Unknown command.
You catch the helpless tyrant completely off-guard!
You eviscerate the tyrant!!!!!!!!!!!!!
You destroy the tyrant!
Makhleb accepts your kill.
The bag of meat is engulfed in blazing flames.
You hear a shout!
A bag of meat comes into view. It is wielding a +9 war axe.
The meat berserker moves out of view.
The bag of meat shouts!
The meat berserker shouts!
The bag of meat shouts!
You hear a shout! x3
You have mastered Invocations!
You need to enable at least one skill for training.
Your Conjurations skill gained 2 levels and is now at level 2!
Your Hexes skill gained 3 levels and is now at level 3!
Your Summonings skill gained 2 levels and is now at level 2!
Your Necromancy skill gained 2 levels and is now at level 2!
Your Transmutations skill gained 2 levels and is now at level 2!
Your Fire Magic skill gained 2 levels and is now at level 2!
Your Ice Magic skill gained 2 levels and is now at level 2!
Your Air Magic skill gained 2 levels and is now at level 2!
Your Earth Magic skill gained 2 levels and is now at level 2!
Your Poison Magic skill gained 2 levels and is now at level 2!
Your Evocations skill gained 2 levels and is now at level 2!
Welcome back to level 17!
Memorise Manifold Assault, consuming 5 spell levels and leaving 65?
You hear a shout! x3
The meat berserker rages.
The sculptor of flesh is engulfed in blazing flames.
You hear a shout! x6; You hear two shouts!
The bag of meat shouts!
You hear a shout! x2
You start memorising the spell.
You continue memorising.
You hear a shout! x6
The bag of meat is engulfed in blazing flames.
You hear a shout! x7
You continue memorising.
You hear a shout! x3
The large bag of meat is engulfed in blazing flames.
The bag of meat is engulfed in blazing flames.
You hear a shout! x6; The bag of meat shouts! x2
You continue memorising.
You hear a shout! x6
The meat berserker hits you with a +9 battleaxe!!!
Your memorisation is interrupted.
Ouch! That really hurt!
The eight-headed meat hydra calls on the powers of darkness!
The eight-headed meat hydra convulses!
The bag of meat convulses! x3
The large bag of meat convulses!
Flame seeps out of the large bag of meat.
Your body is wracked with pain!
The meat berserker convulses!
You hear a shout!
A bag of meat comes into view. It is wielding a +9 war axe.
You hear a shout!
The destroyer is engulfed in blazing flames.
The destroyer blinks!
You hear a shout! x3
You don't know any spells. ......o§#... ..# z.. ......§§#... ..# .o. .......§§○... ... oo.o

#.#.o.O..O .V.
...zo #.#.z.o.....
...
#o.O#.#.#Dz.V.....
#..o#.#.....#.....
#ooOO..o...........
#O@.....#
##........
...####.. #....
####.. ###


You could see an eight-headed meat hydra, a destroyer, 4 sculptors of flesh, a
large bag of meat (inner flame), 4 meat berserkers and 12 bags of meat.

Vanquished Creatures
  9 ogres (D)
  A two-headed ogre (D)
  A lich (D)
  2 orcs (D)
13 creatures vanquished.

Notes
Turn   | Place    | Note
-------+----------+-------------------------------------------
     0 | D        | sentinel the Felid Warper began the quest for the Orb.
     0 | D        | Reached XP level 1. HP: 9/9 MP: 4/4
     0 | D        | Noticed a meat berserker
     4 | D        | Killed a meat berserker
     5 | D        | Reached skill level 27 in Stealth
     5 | D        | Reached XP level 2. HP: 13/13 MP: 6/6
     5 | D        | Reached XP level 3. HP: 16/16 MP: 7/7
     5 | D        | Reached XP level 4. HP: 19/19 MP: 8/8
     5 | D        | Reached XP level 5. HP: 22/22 MP: 9/9
     5 | D        | Gained mutation: You are covered in thick fur. (AC +2)
                  | [Felid growth]
     5 | D        | Reached XP level 6. HP: 26/26 MP: 10/10
     5 | D        | Reached XP level 7. HP: 30/30 MP: 11/11
     5 | D        | Reached XP level 8. HP: 33/33 MP: 12/12
     5 | D        | Reached XP level 9. HP: 36/36 MP: 13/13
     5 | D        | Reached XP level 10. HP: 40/40 MP: 14/14
     5 | D        | Reached XP level 11. HP: 43/43 MP: 15/15
     5 | D        | Gained mutation: Your thick and shaggy fur keeps you warm.
                  | (AC +3, rC+) [Felid growth]
     5 | D        | Reached XP level 12. HP: 46/46 MP: 16/16
     5 | D        | Reached XP level 13. HP: 49/49 MP: 17/17
     7 | D        | Noticed a bag of meat
     9 | D        | Noticed a bag of meat
    11 | D        | Became a worshipper of Makhleb the Destroyer
    11 | D        | Annihilated by a bag of meat
    11 | D        | Noticed a bag of meat
    12 | D        | Reached XP level 12. HP: -29/46 MP: 16/16
    12 | D        | Noticed a meat berserker
    13 | D        | Noticed a bag of meat
    14 | D        | Annihilated by a meat berserker
    14 | D        | Noticed a meat berserker
    15 | D        | Reached XP level 11. HP: -26/43 MP: 15/15
    15 | D        | Noticed a bag of meat
    15 | D        | Noticed a bag of meat
    15 | D        | Noticed a bag of meat
    15 | D        | Noticed a bag of meat
    15 | D        | Noticed a bag of meat
    15 | D        | Noticed a large bag of meat
    15 | D        | Noticed a bag of meat
    16 | D        | Noticed a meat berserker
    16 | D        | Noticed a meat berserker
    17 | D        | Noticed a bag of meat
    17 | D        | Noticed a bag of meat
    17 | D        | Noticed a meat berserker
    18 | D        | Noticed a bag of meat
    18 | D        | Noticed a bag of meat
    19 | D        | Noticed a bag of meat
    20 | D        | Noticed a destroyer
    20 | D        | Noticed a bag of meat
    20 | D        | Noticed a meat berserker
    20 | D        | Noticed a bag of meat
    20 | D        | Noticed a bag of meat
    21 | D        | Noticed a large bag of meat
    21 | D        | Noticed a meat berserker
    21 | D        | Noticed a bag of meat
    21 | D        | Noticed a meat berserker
    21 | D        | Noticed a bag of meat
    21 | D        | Noticed a meat berserker
    21 | D        | Noticed a bag of meat
    22 | D        | Noticed a bag of meat
    22 | D        | Noticed a meat berserker
    22 | D        | Noticed a bag of meat
    22 | D        | Noticed a bag of meat
    22 | D        | Noticed a bag of meat
    22 | D        | Noticed a meat berserker
    22 | D        | Noticed a bag of meat
    22 | D        | Noticed a destroyer
    23 | D        | Noticed a bag of meat
    23 | D        | Noticed a bag of meat
    23 | D        | Noticed a bag of meat
    24 | D        | Noticed a bag of meat
    24 | D        | Noticed a bag of meat
    24 | D        | Noticed a bag of meat
    24 | D        | Noticed a meat berserker
    24 | D        | Noticed a bag of meat
    24 | D        | Noticed a bag of meat
    25 | D        | Noticed a bag of meat
    26 | D        | Noticed a destroyer
    28 | D        | Killed a meat berserker
    29 | D        | Reached skill level 15 in Fighting
    29 | D        | Reached XP level 12. HP: 66/66 MP: 16/16
    29 | D        | Reached XP level 13. HP: 69/69 MP: 17/17
    29 | D        | Killed a meat berserker
    29 | D        | Reached * piety under Makhleb
    29 | D        | Noticed a bag of meat
    30 | D        | Reached XP level 14. HP: 81/81 MP: 18/18
    30 | D        | Noticed a meat berserker
    30 | D        | Noticed The Servant
    30 | D        | Noticed a bag of meat
    30 | D        | Noticed a destroyer
    31 | D        | Killed a meat berserker
    32 | D        | Reached skill level 27 in Translocations
    32 | D        | Reached XP level 15. HP: 93/93 MP: 19/19
    33 | D        | Reached skill level 27 in Fighting
    33 | D        | Noticed a destroyer
    33 | D        | Reached ** piety under Makhleb
    34 | D        | Reached XP level 16. HP: 100/100 MP: 19/33
    34 | D        | Killed a meat berserker
    35 | D        | Reached skill level 27 in Unarmed Combat
    38 | D        | Noticed a destroyer
    39 | D        | Slain by The Servant
    39 | D        | Noticed a meat berserker
    40 | D        | Reached XP level 15. HP: 0/95 MP: 20/39
    40 | D        | Noticed a sculptor of flesh
    40 | D        | Noticed a meat berserker
    40 | D        | Noticed a large bag of meat
    40 | D        | Killed a meat berserker
    40 | D        | Noticed a destroyer
    41 | D        | Reached XP level 16. HP: 100/100 MP: 39/45
    41 | D        | Noticed a sculptor of flesh
    42 | D        | Noticed a sculptor of flesh
    42 | D        | Noticed a destroyer
    43 | D        | Noticed a destroyer
    43 | D        | Noticed a destroyer
    43 | D        | Noticed a meat berserker
    44 | D        | Killed a meat berserker
    44 | D        | Reached *** piety under Makhleb
    44 | D        | Annihilated by a destroyer
    45 | D        | Reached XP level 15. HP: -103/95 MP: 40/44
    45 | D        | Reached skill level 27 in Spellcasting
    45 | D        | Reached XP level 16. HP: 100/100 MP: 44/48
    45 | D        | Noticed a meat berserker
    45 | D        | Noticed an eight-headed meat hydra
    45 | D        | Noticed a sculptor of flesh
    45 | D        | Noticed a large bag of meat
    45 | D        | Noticed a destroyer
    45 | D        | Noticed a sculptor of flesh
    45 | D        | Noticed a destroyer
    45 | D        | Killed a meat berserker
    46 | D        | Reached skill level 27 in Dodging
    46 | D        | Reached skill level 5 in Invocations
    46 | D        | Killed a large bag of meat
    46 | D        | Noticed a large bag of meat
    47 | D        | Reached XP level 17. HP: 30/104 MP: 44/49
    47 | D        | Killed a meat berserker
    47 | D        | Reached **** piety under Makhleb
    47 | D        | Mangled by a sculptor of flesh
    48 | D        | Reached XP level 16. HP: -9/100 MP: 44/48
    48 | D        | Noticed a meat berserker
    48 | D        | Noticed a meat berserker
    48 | D        | Noticed a sculptor of flesh
    48 | D        | Noticed a tyrant
    48 | D        | Killed a tyrant
    49 | D        | Reached skill level 27 in Invocations
    49 | D        | Reached XP level 17. HP: 104/104 MP: 49/49
    49 | D        | Noticed a meat berserker
    49 | D        | Noticed a sculptor of flesh
    50 | D        | Noticed a meat berserker
    53 | D        | Quit the game

Illustrated notes

Levels and vault maps discovered:
D:        meatsprint

Skill      XL: |  1  2  3  4  5  6  7  8  9 10 11 12 13 14 15 16 |
---------------+-------------------------------------------------+-----
Stealth        | 27 | 27.0
Unarmed Combat | 23 25 27 | 27.0
Fighting       | 15 20 25 27 | 27.0
Translocations | 20 26 27 | 27.0
Spellcasting   | 27 19 | 27.0
Dodging        | 17 27 | 27.0
Invocations    | 27 | 27.0
Conjurations   | 2 |  2.1
Hexes          | 3 |  3.6
Summonings     | 2 |  2.4
Necromancy     | 2 |  2.4
Transmutations | 2 |  2.6
Fire Magic     | 2 |  2.1
Ice Magic      | 2 |  2.1
Air Magic      | 2 |  2.1
Earth Magic    | 2 |  2.2
Poison Magic   | 2 |  2.2
Evocations     | 2 |  2.6

Action                   |  1- 3 |  4- 6 |  7- 9 | 10-12 | 13-15 | 16-18 || total
-------------------------+-------+-------+-------+-------+-------+-------++-------
Melee: Unarmed           |     1 |       |       |     1 |     5 |     6 ||    13
       Bite              |       |       |       |       |     1 |       ||     1
  Use: Potion            |       |       |       |     1 |       |       ||     1
 Stab: Distracted        |       |       |       |       |       |     1 ||     1
Armor: Skin              |       |       |       |       |       |     1 ||     1
Dodge: Dodged            |       |       |       |     2 |       |     5 ||     7

Table legend: (Time is in decaauts)
 A = Elapsed time spent in this place.
 B = Non-inter-level travel time spent in this place.
 C = Inter-level travel time spent in this place.
 D = Time resting spent in this place.
 E = Time spent auto-exploring this place.
 F = Levels seen in this place.
 G = Mean time per level.
                   A        B        C        D        E       F      G
               +--------+--------+--------+--------+--------+-----+--------+
         Total |     37 |     37 |      0 |      0 |      0 |   1 |   37.0 |
       Dungeon |     37 |     37 |      0 |      0 |      0 |   1 |   37.0 |
               +--------+--------+--------+--------+--------+-----+--------+

Top non-repeatable levels by time:
       D: 37 daAuts
